 Dungeon Crawl Stone Soup version 0.29.1-13-g9f3cf754e1 (webtiles) character file.

Game seed: 13697607172901705156

22 ChrisAssaf the Sneak (level 3, -3/28 HPs)
             Began as a Djinni Brigand on Jan 27, 2023.
             Slain by Sigmund
             ... wielding a +0 scythe
              (10 damage)
             ... on level 3 of the Dungeon.
             The game lasted 00:02:54 (454 turns).

ChrisAssaf the Sneak (Djinni Brigand)                Turns: 454, Time: 00:02:55

Health: -3/28      AC:  3    Str: 10    XL:     3   Next: 7%
Gold:   32         EV: 12    Int: 14    God:
                   SH:  0    Dex: 14

rFire   + + .      SeeInvis .   a - +2 dagger
rCold   x . .      Faith    .   (no shield)
rNeg    . . .      Spirit   .   b - +0 robe
rPois   ∞          Reflect  .   (no helmet)
rElec   .          Harm     .   c - +0 cloak
rCorr   .          Rampage  .   (no gloves)
Will    .....                   (boots unavailable)
Stlth   ++........              (no amulet)
HPRegen 0.09/turn               (no ring)
MPRegen 0.00/turn               (no ring)

@: flying, very slightly contaminated
A: sickness immunity, fire resistance 2, cold vulnerability 1, float, innate
caster, HP casting, extra vitality 1
a: no special abilities


You were on level 3 of the Dungeon.
You visited 1 branch of the dungeon, and saw 3 of its levels.

You collected 32 gold pieces.

Inventory:

Hand Weapons
 a - a +2 dagger (weapon)
Missiles
 d - 8 poisoned darts (quivered)
 e - 3 curare-tipped darts
Armour
 b - a +0 robe (worn)
 c - a +0 cloak (worn)


   Skills:
 * Level 2.0 Fighting
 * Level 1.9 Short Blades
 * Level 1.6 Throwing
 * Level 0.4 Armour
 * Level 1.2 Dodging
 * Level 3.7 Stealth
 * Level 0.1 Spellcasting


You had one spell level left.
You knew the following spells:

 Your Spells              Type           Power      Damage    Failure   Level
a - Necrotise             Necr           0%         1d4       26%         1
Your spell library was empty.

Dungeon Overview and Level Annotations

Branches:
Dungeon (3/15)

Altars:
Dithmenos

Annotations:
D:3 Sigmund


Innate Abilities, Weirdness & Mutations

You are immune to sickness and miasma.
You are immune to poison.
Your flesh is very heat resistant. (rF++)
You are vulnerable to cold. (rC-)
You float through the air rather than walking.
You learn spells naturally, not from books.
Your magical power is your life essence.
You have superior vitality. (+4 MHP)


Message History

Sigmund hits you with a +0 scythe!
Casting: Necrotise (safe; 26% risk of failure)
Confirm with . or Enter, or press ? or * to list all spells.
Aiming: Necrotise (safe; 26% risk of failure)
Press: ? - help, Shift-Dir - straight line, f/p - Sigmund
Aim: Sigmund, wielding a +0 scythe and wearing a +0 robe (heavily wounded, chance to affect: 41%)
You miscast Necrotise.
You are very lightly contaminated with residual magic.
Nothing appears to happen.
You aren't carrying any potions.
You hit Sigmund.
Sigmund is severely wounded.
Sigmund hits you with a +0 scythe.
* * * LOW HITPOINT WARNING * * *
You hit Sigmund.
Sigmund is severely wounded.
Sigmund mumbles some strange words.
Sigmund flickers and vanishes!
Deactivating autopickup; reactivate with Ctrl-A.
You cannot move.
You cannot move.
You cannot move.
You cannot move.
You cannot move.
You cannot move.
You cannot move.
You cannot move.
You cannot move.
You cannot move.
You cannot move.
Something hits you but does no damage.
You cannot move.
You cannot move.
You cannot move.
You swing at nothing.
Something hits you but does no damage.
You miss something.
You feel less wooden.
Your +0 cloak unmelds from your body.
Your +0 robe unmelds from your body.
Something hits you!
You die...

##...# #....# ##....#
#.....# #....# #.....#
#....# #.....# ###
....# ###..[..###.#
#..# #....@{.....#
#..#
#.#########.#######...
#..#..................
#.....####..≈≈≈≈.._..≈
#.##..................
#.#########.##########
#.# #... #.# #.... #.#
#...##


There were no monsters in sight!

Vanquished Creatures
  An adder (D:2)
  3 ball pythons
  3 bats
  A goblin (D:2)
  3 jackals (D:1)
  A kobold (D:1)
12 creatures vanquished.

Notes
Turn   | Place    | Note
-------+----------+-------------------------------------------
     0 | D:1      | ChrisAssaf the Djinni Brigand began the quest for the Orb.
     0 | D:1      | Reached XP level 1. HP: 18/18 MP: 0/0
     6 | D:1      | Noticed a komodo dragon
     6 | D:1      | Noticed an anaconda
     6 | D:1      | Noticed a polar bear
     7 | D:1      | Noticed a rime drake
    92 | D:1      | Reached XP level 2. HP: 23/23 MP: 0/0
   298 | D:2      | Reached XP level 3. HP: 26/28 MP: 0/0
   298 | D:2      | Learned a level 1 spell: Necrotise
   398 | D:3      | Found a shadowy altar of Dithmenos.
   426 | D:3      | Noticed Sigmund
   454 | D:3      | Slain by Sigmund

Illustrated notes

Levels and vault maps discovered:
D:1:      onia_arrival_zoo_common, layout_basic, basic_ecumenical_altar,
          serial_shops, shop
D:2:      layout_basic, serial_shops, shop_fountains, grunt_decor_one_mirror
D:3:      layout_basic, mainiacjoe_overflow_boulevard,
          kennysheep_generic_room_16, uniq_sigmund, uniq_robin

Action                   || total
-------------------------++-------
Melee: Dagger            ||    43
       Punch             ||     1
Throw: Dart              ||     7
 Cast: Necrotise         ||     1
  Use: Scroll            ||     2
       Potion            ||     1
 Stab: Sleeping          ||     4
Armor: Robe              ||     6
       Skin              ||     6
Dodge: Dodged            ||    22
